 Dungeon Crawl Stone Soup version bcrawl-1.27.3 (webtiles) character file.

Game seed: 948168290522048873

136215 MisterOstroum the Bolt Thrower (level 4, -2/37 HPs)
             Began as a Hill Orc Wanderer on Aug 1, 2020.
             Killed by divine providence
             ... invoked by an orc priest
              (11 damage)
             ... on level 2 of the Dungeon.
             The game lasted 00:04:05 (1765 turns).

MisterOstroum the Bolt Thrower (Hill Orc Wanderer)  Turns: 1765, Time: 00:04:05

Health: -2/37      AC:  3    Str: 14    XL:     4   Next: 53%
Magic:  7/7        EV: 10    Int: 13    God:
Gold:   126        SH:  0    Dex: 10    Spells: 5/7 levels left

rFire    . . .     SeeInvis .   b - +0 whip
rCold    . . .     Gourm    .   (no shield)
rNeg     . . .     Faith    .   h - +0 leather armour
rPois    .         Spirit   .   (no helmet)
rElec    .         Reflect  .   (no cloak)
rCorr    .         Harm     .   (no gloves)
MR       .....                  (no boots)
Stlth    +.........             (no amulet)
HPRegen  0.12/turn              (no ring)
MPRegen  0.10/turn              (no ring)

@: no status effects
A: no striking features
a: Convert to Beogh


You were on level 2 of the Dungeon.
You were hungry.

You visited 1 branch of the dungeon, and saw 3 of its levels.

You collected 126 gold pieces.

Inventory:

Hand Weapons
 a - a +2 hand crossbow
 b - a +0 whip (weapon)
 o - a +0 hand axe
Missiles
 i - 437 stones (quivered)
 j - 107 bolts
 n - 175 sling bullets
 x - 100 poisoned tomahawks
Armour
 f - a +0 robe
 h - a +0 leather armour (worn)
 s - a cursed +0 robe
Scrolls
 k - a scroll of enchant armour {unknown}
 m - a scroll of remove curse {unknown}
 t - a scroll of magic mapping {unknown}
 w - a scroll of teleportation {unknown}
Potions
 c - a potion of ambrosia {unknown}
 d - 2 potions of mutation {unknown}
 g - 2 potions of lignification {unknown}
 l - 2 potions of curing {@q1 !q}
 p - a potion of cancellation {unknown}
 q - a potion of brilliance {unknown}
 r - a potion of degeneration {unknown}
 v - a potion of agility {unknown}
Comestibles
 e - 4 rations {!d}
 u - a chunk of flesh


   Skills:
 + Level 2.4 Fighting
   Level 2.4 Short Blades
   Level 2.4 Long Blades
   Level 2.4 Axes
   Level 2.4 Maces & Flails
   Level 2.4 Polearms
   Level 2.4 Staves
 * Level 3.5 Crossbows
 - Level 1.0 Throwing
   Level 1.1 Shields
   Level 2.4 Unarmed Combat
 - Level 2.0 Spellcasting
   Level 2.1 Fire Magic
   Level 1.0 Earth Magic


You had 5 spell levels left.
You knew the following spells:

 Your Spells              Type           Power        Failure   Level  Hunger
B - Blink                 Tloc           N/A          43%         2    ##.....

Your spell library contained the following spells:

 Spells                   Type           Power        Failure   Level  Hunger
 Sandblast                Erth           #.....       22%         1    None
 Magic Dart               Conj           #...         32%         1    None
 Passwall                 Tmut/Erth      #.......     36%         2    ##.....
 Call Imp                 Summ           #.....       43%         2    ##.....
 Conjure Flame            Conj/Fire      #.......     52%         3    ####...
 Stone Arrow              Conj/Erth      #.....       61%         3    ####...
 Mephitic Cloud           Conj/Pois/Air  #.......     67%         3    ####...
 Spider Form              Tmut/Pois      #..          67%         3    ####...
 Petrify                  Tmut/Erth      #.........   95%         4    ######.
 Lee's Rapid Deconstruct  Erth           #.........   99%         5    #######


Dungeon Overview and Level Annotations

Branches:
Dungeon (3/12)

Altars:


Message History

Things that are here:
a +0 dagger; a +0 robe; an orc corpse You butcher the orc corpse.
u - 2 chunks of flesh
Things that are here:
a +0 dagger; a +0 robe; an orc skeleton You start resting.
Eating one of 2 chunks of flesh.
You eat one of the 2 chunks of flesh.
This raw flesh tastes terrible.
You feel less confused.
Things that are here:
a +0 dagger; a +0 robe; an orc skeleton You see here a +0 falchion.
HP restored.
There is a stone staircase leading down here.
You climb downwards.
There is a stone staircase leading up here.
No target in view!
An orc priest comes into view.
You have encountered a dangerous foe!
The orc priest shouts, "Beogh is our master!
Accept the truth or die!" (press Y on the ability menu to convert to Beogh)
The orc priest shouts!
An orc comes into view. It is wielding a +0 trident.
An orc comes into view. x2
An orc comes into view. It is wielding a +0 hand axe.
There are monsters nearby!
Unknown command.
Okay, then.
Unknown command.
Unknown command.
Firing (i - inventory. (/) - cycle)
j - 110 bolts (quivered)
Press: ? - help, Shift-Dir - straight line, f - orc priest
Aim: an orc priest, wearing a +0 ring mail You shoot a bolt.
The bolt hits the orc priest but does no damage.
Firing (i - inventory. (/) - cycle)
j - 109 bolts (quivered)
Press: ? - help, Shift-Dir - straight line, f/p - orc priest
Aim: an orc priest, wearing a +0 ring mail You shoot a bolt.
The orc priest shouts, "Surrender to Beogh and we'll let you live!"
The bolt hits the orc priest.
The orc priest is moderately wounded.
The orc priest mumbles some strange prayers to Beogh against you.
Pain shoots through your body!
There is a stone staircase leading up here.
Firing (i - inventory. (/) - cycle)
j - 108 bolts (quivered)
Press: ? - help, Shift-Dir - straight line, f/p - orc priest
Aim: an orc priest, wearing a +0 ring mail (moderately wounded)
You shoot a bolt. The bolt hits the orc priest.
The orc priest is heavily wounded.
The orc priest calls down the wrath of Beogh upon you.
Beogh smites you!
You climb upwards.
There is a stone staircase leading down here.
Wield which item (- for none, * to show all)? (? for menu, Esc to quit)
b - a +0 whip (weapon)
The orc priest barely misses you.
You hit the orc priest but do no damage.
The orc priest is heavily wounded.
The orc priest hits you.
You barely miss the orc priest.
The orc priest is heavily wounded.
The orc priest hits you but does no damage.
You aren't carrying any items that you can evoke.
You barely miss the orc priest.
The orc priest is heavily wounded.
The orc priest calls down the wrath of Beogh upon you.
Pain shoots through your body!
* * * LOW HITPOINT WARNING * * *
Really quaff
l - 3 potions of curing {@q1 !q}?
You feel better.
You hit the orc priest but do no damage.
The orc priest is heavily wounded.
The orc priest misses you.
You barely miss the orc priest.
The orc priest is heavily wounded.
The orc priest shouts, "Join the one true god or die!"
The orc priest mumbles some strange prayers to Beogh against you.
Pain shoots through your body!
You barely miss the orc priest.
The orc priest is heavily wounded.
You closely miss the orc priest.
The orc priest is heavily wounded.
The orc priest misses you.
You closely miss the orc priest.
The orc priest threatens, "By the altar or by the axe, you will meet Beogh!"
The orc priest is heavily wounded.
The orc priest hits you.
* * * LOW HITPOINT WARNING * * *
No path to travel!
You are feeling hungry.
You hit the orc priest but do no damage.
The orc priest is heavily wounded.
The orc priest barely misses you.
You hit the orc priest but do no damage.
The orc priest shouts, "Beogh is our master!
Accept the truth or die!"
The orc priest is heavily wounded.
The orc priest mumbles some strange prayers to Beogh against you.
Beogh smites you!
You die...

#.#
#.#####..............
#.#
#.##.......######..#.
#.# #.##.##...##
#..#. #.# #.##.###.##
#..#. #.# #.##.#
#.########..#. #.#
#.##.# #.............
#.# #.##.#
##########.... #.#
#..#.# ##... #.#
##.o@# #### #.# #...#
#.# #..## ###.#
####..# #...# #.....#
#.### #.##.## #.#
#.##.# #.# #.##.# #.#
#.##.#


You could see an orc priest.

Vanquished Creatures
  An orc wizard (D:2)
  An adder (D:2)
  An ooze (D:1)
  A worm (D:2)
  2 dart slugs
  5 leopard geckos
  4 giant cockroaches
  2 goblins
  6 hobgoblins
  6 kobolds
  2 ball pythons
  2 bats (D:1)
  3 frilled lizards (D:1)
  3 rats
39 creatures vanquished.

Notes
Turn   | Place    | Note
-------+----------+-------------------------------------------
     0 | D:1      | MisterOstroum the Hill Orc Wanderer began the quest for the
                  | Orb.
     0 | D:1      | MisterOstroum set off with the following items: a +2 hand
                  | crossbow, 108 bolts, a ration {!d}, a +0 robe; and the
                  | following spells available to memorise: Sandblast, Magic
                  | Dart, Passwall, Blink, Call Imp, Conjure Flame, Stone
                  | Arrow, Mephitic Cloud, Spider Form, Petrify, Lee's Rapid
                  | Deconstruction
     0 | D:1      | Reached XP level 1. HP: 16/16 MP: 3/3
   113 | D:1      | Reached XP level 2. HP: 23/24 MP: 5/5
   331 | D:1      | Reached skill level 2 in Crossbows
   341 | D:1      | Learned a level 2 spell: Blink
   569 | D:1      | Reached XP level 3. HP: 29/29 MP: 6/6
  1148 | D:2      | Reached skill level 3 in Crossbows
  1307 | D:2      | Reached XP level 4. HP: 36/36 MP: 7/7
  1679 | D:3      | Noticed an ogre
  1765 | D:2      | Killed from afar by an orc priest

Skill      XL: |  1  2  3 |
---------------+----------+-----
Crossbows      | 2 3 |  3.5
Fighting       | 2 |  2.4
Short Blades   | |  2.4
Long Blades    | |  2.4
Axes           | |  2.4
Maces & Flails | |  2.4
Polearms       | |  2.4
Staves         | |  2.4
Throwing       | |  1.0
Shields        | |  1.1
Unarmed Combat | |  2.4
Spellcasting   | |  2.0
Fire Magic     | |  2.1
Earth Magic    | |  1.0

Action                   |  1- 3 |  4- 6 || total
-------------------------+-------+-------++-------
Melee: Whip              |    56 |    15 ||    71
       Punch             |     1 |       ||     1
 Fire: Hand crossbow     |    61 |    25 ||    86
  Use: Scroll            |     1 |       ||     1
       Potion            |       |     1 ||     1
  Eat: Chunk             |     5 |     2 ||     7
Armor: Robe              |    10 |       ||    10
       Leather armour    |     3 |     6 ||     9
Dodge: Dodged            |    49 |    16 ||    65
